 Dungeon Crawl Stone Soup version 0.29.0-4-gdea44cf6ec (webtiles) character file.

Game seed: 2126821125739792815

768 qw the Cleaver (level 7, 0/41 HPs)
             Began as a Tengu Warper on Aug 28, 2022.
             Succumbed to a water moccasin's poison
             ... on level 5 of the Dungeon.
             The game lasted 00:00:30 (5087 turns).

qw the Cleaver (Tengu Warper)                       Turns: 5087, Time: 00:00:31

Health: 0/41       AC: 14    Str: 13    XL:     7   Next: 82%
Magic:  11/11      EV:  5    Int: 14    God:
Gold:   247        SH:  0    Dex: 13    Spells: 10/10 levels left

rFire   . . .      SeeInvis .   e - +0 war axe
rCold   . . .      Faith    .   (no shield)
rNeg    . . .      Spirit   .   d - +0 plate armour
rPois   .          Reflect  .   (helmet restricted)
rElec   .          Harm     .   (no cloak)
rCorr   .          Rampage  .   n - +2 pair of gloves
Will    .....                   (boots unavailable)
Stlth   ..........              (no amulet)
HPRegen 0.13/turn               f - +4 ring of slaying {mikee}
MPRegen 0.12/turn               (no ring)

@: lethally poisoned (0 -> -1), flying quickly and evasively, quick
A: beak, talons 3, nimble flight
a: no special abilities


You were on level 5 of the Dungeon.
You visited 1 branch of the dungeon, and saw 5 of its levels.

You collected 247 gold pieces.


Innate Abilities, Weirdness & Mutations

You have a beak for a mouth.
You have claws for feet.
Your magical nature lets you fly swiftly and evasively.


   Skills:
 - Level 3.1 Fighting
 - Level 8.1 Axes
 - Level 2.5 Throwing
 + Level 3.0 Armour
 - Level 2.1 Dodging
 - Level 2.0 Spellcasting
 - Level 2.4 Translocations


You had 10 spell levels left.
You didn't know any spells.
Your spell library contained the following spells:

 Spells                   Type           Power      Damage    Failure   Level
 Blink                    Tloc           16%        N/A       100%        2
 Gell's Gravitas          Tloc           8%         N/A       100%        3
 Lesser Beckoning         Tloc           8%         N/A       100%        3
 Teleport Other           Tloc           8%         N/A       100%        3
 Manifold Assault         Tloc           8%         N/A       100%        5

Inventory:

Hand Weapons
 c - a +0 flail
 e - a +0 war axe (weapon)
Missiles
 k - 3 javelins (quivered)
Armour
 d - a +0 plate armour (worn)
 n - a +2 pair of gloves (worn)
Jewellery
 f - a +4 ring of slaying (left hand) {mikee}
 j - a ring of resist corrosion
Scrolls
 g - 5 scrolls of teleportation
 i - a scroll of identify
Potions
 a - a potion of cancellation
 b - a potion of resistance {unknown}
 h - a potion of heal wounds
 l - a potion of berserk rage {unknown}

Dungeon Overview and Level Annotations

Branches:
Dungeon (5/15)
 Temple: D:4-7

Altars:
Yredelemnul


Message History

You hear a shout!
You barely miss the water moccasin. Your kick misses the water moccasin.
The water moccasin bites you.
You are poisoned.
The water moccasin poisons you! The water moccasin bites you!
You are more poisoned.
The water moccasin poisons you!
You barely miss the water moccasin. You claw the water moccasin!
You punch the water moccasin!
The water moccasin is heavily wounded.
You feel extremely sick. The water moccasin bites you.
You barely miss the water moccasin. You claw the water moccasin!
The water moccasin is almost dead.
You feel very sick. The water moccasin bites you.
The water moccasin bites you but does no damage.
You hit the water moccasin. You claw the water moccasin.
You kill the water moccasin!
You feel very sick.
Your Throwing skill increases to level 2!
There is a lethal amount of poison in your body!
You feel very sick.
There is a lethal amount of poison in your body!
You feel sick.
There is a lethal amount of poison in your body!
You feel sick.
There is a lethal amount of poison in your body!
You feel sick.
There is a lethal amount of poison in your body!
You feel sick.
There is a lethal amount of poison in your body!
You feel sick.
There is a lethal amount of poison in your body!
You hear the hiss of an avalanche of sand very nearby.
You feel sick.
There is a lethal amount of poison in your body!
You feel sick.
There is a lethal amount of poison in your body!
You die...

##...## ###.####
##.....## ###.##
##.......## ##.#..#
###.........####...#.###
..'.........+......%....
###.........####...#%###
##.......## ##.##.#
##.....## ## #.# ##.@.##
#.# ##'## ... #.# ...
#.# ... #.# ... ... 8(.


There were no monsters in sight!

Vanquished Creatures
  A water moccasin (D:5)
  A black bear (D:5)
  2 scorpions (D:5)
  A jelly (D:4)
  A hound (D:4)
  An orc priest (D:5)
  2 iguanas
  4 orc wizards
  4 gnolls (D:4)
  9 adders
  A shadow imp (D:5)
  A worm (D:2)
  A dart slug (D:1)
  10 orcs
  3 endoplasms (D:3)
  2 giant cockroaches
  4 goblins
  11 hobgoblins
  5 jackals
  6 kobolds
  2 quokkas
  5 ball pythons
  4 bats
  2 frilled lizards (D:1)
  6 rats
89 creatures vanquished.

Notes
Turn   | Place    | Note
-------+----------+-------------------------------------------
     0 | D:1      | qw the Tengu Warper began the quest for the Orb.
     0 | D:1      | Reached XP level 1. HP: 12/12 MP: 4/4
     0 | D:1      | 0 ||| qw: Version: 0.1-a-89-g26bdef1
     0 | D:1      | 0 ||| qw: Game counter: 1571
     0 | D:1      | 0 ||| qw: Always use a shield: true
     0 | D:1      | 0 ||| qw: God list: Okawaru
     0 | D:1      | 0 ||| qw: Allow faded altars: false
     0 | D:1      | 0 ||| qw: Do Orc after D:15 true
     0 | D:1      | 0 ||| qw: Do second Lair branch before Depths: true
     0 | D:1      | 0 ||| qw: Lair rune preference: random
     0 | D:1      | 0 ||| qw: Plans: Normal
     0 | D:1      | 0 ||| PLANNING D:1-11
    45 | D:1      | 45 ||| Stepping ~*~*~tactically~*~*~ (hiding).
   258 | D:1      | Reached skill level 3 in Axes
   258 | D:1      | Reached XP level 2. HP: 17/17 MP: 6/6
   259 | D:1      | Found a faded altar of an unknown god.
   270 | D:1      | 270 ||| Stepping ~*~*~tactically~*~*~ (stealth).
   271 | D:1      | 271 ||| Stepping ~*~*~tactically~*~*~ (stealth).
   512 | D:1      | 512 ||| Stepping ~*~*~tactically~*~*~ (stealth).
   888 | D:1      | 888 ||| DROPPING ring of wizardry.
   889 | D:1      | 889 ||| READING scroll labelled NUNECV YVOWOORGHYQ.
   894 | D:1      | 894 ||| READING 2 scrolls labelled DEIVAPS AKKA.
   895 | D:1      | 895 ||| READING scroll labelled FAYT ORERREDE.
   896 | D:1      | 896 ||| READING scroll labelled UPRAGUGOUH.
   897 | D:1      | 897 ||| DRINKING 2 inky potions.
   898 | D:1      | 898 ||| DROPPING scroll of blinking.
  1024 | D:2      | Reached XP level 3. HP: 12/21 MP: 7/7
  1235 | D:2      | 1235 ||| Stepping ~*~*~tactically~*~*~ (stealth).
  1514 | D:2      | Reached skill level 4 in Axes
  1684 | D:2      | 1684 ||| Stepping ~*~*~tactically~*~*~ (stealth).
  1685 | D:2      | 1685 ||| Stepping ~*~*~tactically~*~*~ (stealth).
  1687 | D:2      | 1687 ||| Stepping ~*~*~tactically~*~*~ (stealth).
  1897 | D:2      | 1897 ||| UPGRADING to +0 pair of gloves.
  1902 | D:2      | 1902 ||| UPGRADING to +0 chain mail.
  1912 | D:2      | 1912 ||| DROPPING +0 leather armour.
  1913 | D:2      | 1913 ||| UPGRADING to +2 pair of gloves.
  1923 | D:2      | 1923 ||| DROPPING +0 pair of gloves.
  1924 | D:2      | 1924 ||| DROPPING ring of magical power.
  1925 | D:2      | 1925 ||| DROPPING ring of flight.
  1926 | D:2      | 1926 ||| READING scroll labelled LAUNIE XABIENO.
  1927 | D:2      | 1927 ||| READING scroll labelled HUBLUCW DOADAKK.
  1928 | D:2      | 1928 ||| DRINKING 2 sedimented pink potions.
  1965 | D:3      | 1965 ||| Stepping ~*~*~tactically~*~*~ (stealth).
  1975 | D:3      | Reached XP level 4. HP: 10/26 MP: 8/8
  1977 | D:3      | HP: 6/26 [poisoned by an adder]
  1991 | D:3      | 1991 ||| FLEEEEING.
  1992 | D:3      | 1992 ||| FLEEEEING.
  1993 | D:3      | 1993 ||| FLEEEEING.
  1994 | D:3      | 1994 ||| FLEEEEING.
  1995 | D:3      | 1995 ||| FLEEEEING.
  1996 | D:3      | 1996 ||| FLEEEEING.
  1997 | D:3      | 1997 ||| FLEEEEING.
  1998 | D:3      | 1998 ||| FLEEEEING.
  1999 | D:3      | 1999 ||| FLEEEEING.
  2000 | D:3      | 2000 ||| FLEEEEING.
  2001 | D:3      | 2001 ||| FLEEEEING.
  2002 | D:3      | 2002 ||| FLEEEEING.
  2003 | D:3      | 2003 ||| STAIRDANCE
  2244 | D:2      | 2244 ||| READING 2 scrolls of identify.
  2244 | D:2      | 2244 ||| IDENTIFYING glowing golden potion
  2245 | D:2      | 2245 ||| DROPPING potion of ambrosia.
  2250 | D:3      | 2250 ||| STAIRDANCE
  2488 | D:3      | 2488 ||| Stepping ~*~*~tactically~*~*~ (stealth).
  2490 | D:3      | 2490 ||| Stepping ~*~*~tactically~*~*~ (hiding).
  2499 | D:3      | Reached skill level 5 in Axes
  2530 | D:3      | 2530 ||| Stepping ~*~*~tactically~*~*~ (stealth).
  2534 | D:3      | 2534 ||| Stepping ~*~*~tactically~*~*~ (stealth).
  2563 | D:3      | HP: 6/26 [something (1)]
  2564 | D:3      | 2564 ||| DRINKING potion of heal wounds.
  2571 | D:3      | 2571 ||| FLEEEEING.
  2572 | D:3      | 2572 ||| FLEEEEING.
  2583 | D:3      | 2583 ||| FLEEEEING.
  2587 | D:3      | 2587 ||| STAIRDANCE
  2685 | D:2      | 2685 ||| READING scroll labelled UTAWER TOBAR.
  2788 | D:3      | 2788 ||| STAIRDANCE
  2802 | D:2      | Gained mutation: Your magical nature lets you fly swiftly
                  | and evasively. [Tengu growth]
  2802 | D:2      | Reached XP level 5. HP: 19/30 MP: 9/9
  2920 | D:3      | 2920 ||| STAIRDANCE
  3019 | D:3      | 3019 ||| DROPPING +0 whip.
  3117 | D:3      | 3117 ||| Stepping ~*~*~tactically~*~*~ (hiding).
  3118 | D:3      | 3118 ||| Stepping ~*~*~tactically~*~*~ (hiding).
  3119 | D:3      | 3119 ||| Stepping ~*~*~tactically~*~*~ (hiding).
  3284 | D:3      | 3284 ||| Stepping ~*~*~tactically~*~*~ (stealth).
  3328 | D:3      | Identified the +3 leather armour "Faegg" {Will- Dex+5}
  3442 | D:3      | 3442 ||| UPGRADING to +0 plate armour.
  3452 | D:3      | 3452 ||| DROPPING +0 chain mail.
  3453 | D:3      | 3453 ||| UPGRADING to +4 ring of slaying {mikee}.
  3454 | D:3      | 3454 ||| DRINKING 2 blue potions.
  3489 | D:3      | 3489 ||| DRINKING 2 murky silvery potions.
  3490 | D:3      | 3490 ||| DROPPING potion of lignification.
  3491 | D:3      | 3491 ||| DROPPING potion of flight.
  3662 | D:4      | Reached skill level 6 in Axes
  3662 | D:4      | 3662 ||| Stepping ~*~*~tactically~*~*~ (stealth).
  3664 | D:4      | 3664 ||| Stepping ~*~*~tactically~*~*~ (stealth).
  3665 | D:4      | 3665 ||| Stepping ~*~*~tactically~*~*~ (stealth).
  3727 | D:4      | 3727 ||| Stepping ~*~*~tactically~*~*~ (stealth).
  3732 | D:4      | Reached skill level 3 in Armour
  3732 | D:4      | Reached XP level 6. HP: 19/35 MP: 10/10
  4047 | D:4      | HP: 6/35 [iguana (8)]
  4048 | D:4      | 4048 ||| READING scroll of teleportation.
  4380 | D:4      | 4380 ||| SWAPPING to +0 war axe.
  4381 | D:4      | 4381 ||| DROPPING +0 hand axe.
  4691 | D:4      | 4691 ||| READING 2 scrolls of teleportation.
  4723 | D:5      | Entered Level 5 of the Dungeon
  4724 | D:5      | 4724 ||| PLANNING OSSUARY
  4756 | D:5      | 4756 ||| Stepping ~*~*~tactically~*~*~ (hiding).
  4763 | D:5      | Reached skill level 7 in Axes
  4823 | D:5      | Reached skill level 3 in Fighting
  4823 | D:5      | Reached XP level 7. HP: 41/41 MP: 11/11
  4947 | D:5      | Found a basalt altar of Yredelemnul.
  5034 | D:5      | Reached skill level 8 in Axes
  5079 | D:5      | HP: 10/41 [poisoned by a water moccasin]
  5082 | D:5      | HP: 4/41 [poisoned by a water moccasin]
  5086 | D:5      | HP: 1/41 [poisoned by a water moccasin]
  5087 | D:5      | Succumbed to a water moccasin's poison

Levels and vault maps discovered:
D:1:      minmay_arrival_cross, layout_basic,
          hellmonk_ecumenical_altar_lost_god, serial_aquarium,
          aquarium_bridge_square [aquarium_subvault_bridge,
          aquarium_subvault_balcony, aquarium_subvault_bridge,
          aquarium_subvault_wall], aquarium_bridge_square
          [aquarium_subvault_wall, aquarium_subvault_bridge,
          aquarium_subvault_bridge, aquarium_subvault_bridge],
          aquarium_window_corridor_3, aquarium_window_fake,
          aquarium_window_fake, aquarium_view_2e, aquarium_view_2c,
          aquarium_balcony_5a, minmay_crystal_water
D:2:      layout_basic, minmay_misc_feat_chi, corexii_hall_statues_u,
          moated_statue
D:3:      layout_rooms, kennysheep_generic_room_16
D:4:      cheibrodos_quashed, layout_loops_cross, serial_park_tiny_1,
          abandoned_shop
D:5:      layout_loops_corners, mainiacjoe_overflow_paths,
          nicolae_ossuary_entry_monument

Skill      XL: |  1  2  3  4  5  6  7 |
---------------+----------------------+-----
Axes           | 3 4 5 6 7 8 |  8.1
Armour         | 2 3 |  3.0
Fighting       | 3 |  3.1
Throwing       | 2 |  2.5
Dodging        | |  2.1
Spellcasting   | |  2.0
Translocations | |  2.4

Action                   |  1- 3 |  4- 6 |  7- 9 || total
-------------------------+-------+-------+-------++-------
Melee: Hand axe          |    51 |   100 |       ||   151
       Kick              |    17 |    30 |     9 ||    56
       Peck              |     9 |    11 |     3 ||    23
       Punch             |       |     2 |     2 ||     4
       War axe           |       |    19 |    19 ||    38
Throw: Boomerang         |     7 |       |       ||     7
       Javelin           |    10 |    40 |     3 ||    53
  Use: Scroll            |     6 |     4 |       ||    10
       Potion            |     2 |     3 |       ||     5
Armor: Leather armour    |    13 |       |       ||    13
       Chain mail        |     2 |    61 |       ||    63
       Plate armour      |       |    23 |     8 ||    31
Dodge: Dodged            |    19 |    20 |     3 ||    42

Table legend:
 A = Non-vault XP
 B = Vault XP
 C = Vault XP percentage of total XP
 D = Non-vault monster count
 E = Vault monster count
 F = Vault count percentage of total count
                 A         B        C        D         E       F
            +---------+---------+-------+---------+---------+-------
      Total |    1094 |       4 |   0.4 |      87 |       2 |   2.2
            +---------+---------+-------+---------+---------+-------
        D:1 |      23 |       0 |   0.0 |      14 |       0 |   0.0
        D:2 |      83 |       0 |   0.0 |      14 |       0 |   0.0
        D:3 |     143 |       4 |   2.7 |      27 |       2 |   6.9
        D:4 |     249 |       0 |   0.0 |      18 |       0 |   0.0
        D:5 |     596 |       0 |   0.0 |      14 |       0 |   0.0
            +---------+---------+-------+---------+---------+-------
